 Dungeon Sprint DCSS version 0.17-a0-1882-g750edc8 (webtiles) character file.

256 luca467 the Martial Artist (level 5, -7/46 HPs)
             Began as a Demonspawn Monk on Sept 22, 2015.
             Was a Priest of Dithmenos.
             Splashed by a brown ugly thing's acid (10 damage)
             ... in the Dungeon (Sprint IX: "|||||||||||||||||||||||||||||").
             The game lasted 00:04:16 (703 turns).

luca467 the Martial Artist (Demonspawn Monk)         Turns: 703, Time: 00:04:17

Health: -7/46      AC: -5    Str: 12    XL:     5   Next: 92%
Magic:  5/5        EV: 15    Int: 11    God:    Dithmenos [***...]
Gold:   0          SH:  0    Dex: 16    Spells: 0 memorised, 4 levels left

rFire  . . .     SeeInvis .       - Unarmed
rCold  . . .     Clarity  .     a - +0 robe
rNeg   . . .     SustAt   .     (no shield)
rPois  .         Gourm    .     k - +0 helmet
rElec  .         Spirit   .     (no cloak)
rCorr  .         Warding  .     (no gloves)
rMut   .         NoTele   +     (no boots)
MR     .....                    (no amulet)
Stlth  ++++......               l - +2 ring of protection
                                m - +2 ring of protection

@: corroded equipment, very slightly contaminated, hasted, wreathed by umbra,
very quick, not resistant to hostile enchantments, stealthy
A: talons 1
a: Shadow Step, Renounce Religion


You were in the Dungeon.
You worshipped Dithmenos.
Dithmenos was most pleased with you.
You were not hungry.

You visited 1 branch

Inventory:

Armour
 a - a +0 robe (worn)
 k - a +0 helmet (worn)
Jewellery
 l - a +2 ring of protection (right hand)
 m - a +2 ring of protection (left hand)
Scrolls
 h - 3 scrolls of remove curse
 i - 2 scrolls of amnesia
 j - a scroll of blinking
Potions
 c - a potion of invisibility
 f - 4 potions of magic
 g - 4 potions of curing
Comestibles
 b - a bread ration


   Skills:
 + Level 6.3 Fighting
 + Level 5.6 Dodging
 + Level 5.6 Stealth
 * Level 8.0 Unarmed Combat


You had 4 spell levels left.
You didn't know any spells.

Dungeon Overview and Level Annotations

Branches:
Dungeon (1/1)

Altars:
Cheibriados
Dithmenos
Elyvilon
Fedhas
Gozag
Kikubaaqudgha
Makhleb
Nemelex Xobeh
Okawaru
Qazlal
Ru
Sif Muna
Trog
Vehumet
Xom
Yredelemnul
Zin
The Shining One
Beogh
Jiyva
Lugonu


Innate Abilities, Weirdness & Mutations

You have sharp toenails.


Message History

You closely miss the brown ugly thing.
You claw the brown ugly thing, but do no damage.
Your punch misses the brown ugly thing.
The brown ugly thing is moderately wounded.
The brown ugly thing barely misses you.
You hit the brown ugly thing. Your punch misses the brown ugly thing.
The brown ugly thing is moderately wounded.
You barely miss the brown ugly thing.
The brown ugly thing is moderately wounded.
The brown ugly thing completely misses you.
You barely miss the brown ugly thing.
You claw the brown ugly thing, but do no damage.
The brown ugly thing is moderately wounded.
You hit the brown ugly thing but do no damage.
You claw the brown ugly thing, but do no damage.
The brown ugly thing is moderately wounded.
The brown ugly thing claws you!
* * * LOW HITPOINT WARNING * * *
You are splashed with acid!
The acid burns!
You die...

▓_▓
▓_▓
▓_▓
▓_▓
▓_▓
▓o▓
▓D▓
▓u▓
▓@▓
▓.▓
▓.▓
▓'▓
▓.▓
▓.▓
▓.▓
▓.▓
▓.▓


You could see a brown ugly thing, an orc warrior and a mottled dragon.

Vanquished Creatures
  A black bear (D)
  A killer bee (D)
  2 crimson imps (D)
  A worker ant (D)
  2 shadow imps (D)
  An orc (D)
  A bat skeleton (D)
  2 goblins (D)
  A hobgoblin (D)
  A bat (D)
  A giant cockroach zombie (D)
  A quokka zombie (D)
  A rat (D)
16 creatures vanquished.

Notes
Turn   | Place    | Note
--------------------------------------------------------------
     0 | D        | luca467 the Demonspawn Monk began the quest for the Orb.
     0 | D        | Reached XP level 1. HP: 18/18 MP: 1/1
    24 | D        | Reached skill level 4 in Unarmed Combat
   138 | D        | Noticed a crimson imp
   138 | D        | Noticed a worker ant
   138 | D        | Noticed a crimson imp
   170 | D        | Killed a worker ant
   170 | D        | Reached skill level 5 in Unarmed Combat
   170 | D        | Gained mutation: You have sharp toenails. [demonic ancestry]
   170 | D        | Reached XP level 2. HP: 13/25 MP: 2/2
   170 | D        | Reached XP level 3. HP: 15/30 MP: 3/3
   176 | D        | Killed a crimson imp
   180 | D        | Killed a crimson imp
   180 | D        | Reached skill level 6 in Unarmed Combat
   180 | D        | Reached XP level 4. HP: 16/38 MP: 4/4
   413 | D        | Found a glowing silver altar of Zin.
   413 | D        | Found a glowing golden altar of the Shining One.
   413 | D        | Found an ancient bone altar of Kikubaaqudgha.
   413 | D        | Found a basalt altar of Yredelemnul.
   413 | D        | Found a shimmering altar of Xom.
   413 | D        | Found a radiant altar of Vehumet.
   414 | D        | Found an iron altar of Okawaru.
   415 | D        | Found a burning altar of Makhleb.
   416 | D        | Found a deep blue altar of Sif Muna.
   417 | D        | Found a bloodstained altar of Trog.
   418 | D        | Found a sparkling altar of Nemelex Xobeh.
   419 | D        | Found a white marble altar of Elyvilon.
   420 | D        | Found a roughly hewn altar of Beogh.
   421 | D        | Found a viscous altar of Jiyva.
   422 | D        | Found a corrupted altar of Lugonu.
   423 | D        | Found a blossoming altar of Fedhas.
   424 | D        | Found a snail-covered altar of Cheibriados.
   425 | D        | Found a shadowy altar of Dithmenos.
   426 | D        | Found a stormy altar of Qazlal.
   427 | D        | Found an opulent altar of Gozag.
   428 | D        | Found a sacrificial altar of Ru.
   433 | D        | Became a worshipper of Dithmenos the Shadowed
   433 | D        | Acquired Dithmenos's first power
   466 | D        | Noticed a black bear
   466 | D        | Noticed a killer bee
   470 | D        | Reached skill level 5 in Fighting
   485 | D        | Killed a killer bee
   485 | D        | Reached skill level 5 in Dodging
   485 | D        | Reached skill level 7 in Unarmed Combat
   485 | D        | Reached XP level 5. HP: 28/44 MP: 5/5
   501 | D        | Killed a black bear
   501 | D        | Reached skill level 5 in Stealth
   501 | D        | Reached skill level 8 in Unarmed Combat
   507 | D        | Acquired Dithmenos's second power
   643 | D        | Noticed a troll
   643 | D        | Noticed an orc wizard
   643 | D        | Noticed a hippogriff
   643 | D        | Noticed an orc warrior
   643 | D        | Noticed a brown ugly thing
   643 | D        | Noticed a mottled dragon
   703 | D        | Splashed by a brown ugly thing's acid

Vault maps used:
D:        linesprint

Action                   |  1- 3 |  4- 6 || total
-------------------------+-------+-------++-------
Melee: Unarmed           |    58 |    57 ||   115
  Use: Potion            |     3 |     3 ||     6
       Scroll            |     1 |       ||     1
 Stab: Sleeping          |     1 |       ||     1
